 Dungeon Crawl Stone Soup version 0.23.2-33-g5129a83184 (webtiles) character file.

Game seed: 4573905915844906812

287 Ge0ff the Cutter (level 6, 0/38 HPs)
             Began as a Kobold Gladiator on July 3, 2019.
             Succumbed to a worker ant's poison
             ... on level 4 of the Dungeon.
             The game lasted 00:09:57 (4922 turns).

Ge0ff the Cutter (Kobold Gladiator)                 Turns: 4922, Time: 00:09:58

Health: 0/38       AC:  8    Str: 13 (14) XL:     6   Next: 56%
Magic:  6/6        EV: 13    Int:  6 (9)  God:
Gold:   213        SH:  0    Dex: 15 (16) Spells: 5/5 levels left

rFire    . . .     SeeInvis .   a - +0 rapier
rCold    . . .     Gourm    .   (shield restricted)
rNeg     . . .     Faith    .   S - +0 scale mail
rPois    .         Spirit   .   Y - +0 helmet
rElec    .         Reflect  .   (no cloak)
rCorr    .         Harm     .   (no gloves)
MR       +....                  H - +0 pair of boots
Stlth    ..........             (no amulet)
HPRegen  0.12/turn              x - ring of protection from magic
MPRegen  0.10/turn              (no ring)

@: lethally poisoned (0 -> -12)
A: small, carnivore
a: no special abilities


You were on level 4 of the Dungeon.
You were completely stuffed.

You visited 1 branch of the dungeon, and saw 4 of its levels.

You collected 213 gold pieces.

Inventory:

Hand Weapons
 a - a +0 rapier (weapon)
 b - a +0 hunting sling
Missiles
 d - a throwing net {!f}
 A - 19 stones (quivered)
 E - 21 bolts
 Z - 5 curare-tipped needles
Armour
 u - a +0 chain mail
 H - a +0 pair of boots (worn)
 S - a +0 scale mail (worn)
 Y - a +0 helmet (worn)
Jewellery
 x - a ring of protection from magic (left hand)
Scrolls
 i - 3 scrolls of identify
 y - 2 scrolls of immolation
 C - 2 scrolls of remove curse
 F - 2 scrolls of fog {unknown}
 I - 3 scrolls of amnesia {unknown}
 T - 2 scrolls of teleportation
 U - a scroll of fear {unknown}
 W - a scroll of enchant armour {unknown}
 X - 2 scrolls of blinking {unknown}
Potions
 R - a potion of might {unknown}
 V - a potion of resistance {unknown}
Comestibles
 r - 8 rations
 P - 3 chunks of flesh


   Skills:
 + Level 4.0 Fighting
 - Level 5.0 Short Blades
 * Level 3.6(4.0) Slings
 - Level 2.8(3.9) Throwing
 - Level 1.1 Armour
 - Level 4.0 Dodging


You had 5 spell levels left.
You didn't know any spells.
Your spell library was empty.

Dungeon Overview and Level Annotations

Branches:
Dungeon (4/15)
 Temple: D:4-7

Altars:
Cheibriados
Sif Muna

Annotations:
D:3 3 runed translucent doors, Tinylith's ghost, amateur MiHu


Innate Abilities, Weirdness & Mutations

You are small and have problems with some larger weapons.
You are carnivorous and can eat meat at any time.


Message History

You feel sick. The worker ant bites you.
* * * LOW HITPOINT WARNING * * *
You hit the worker ant but do no damage.
The worker ant is almost dead.
The worker ant misses you.
You hit the worker ant but do no damage.
The worker ant is almost dead.
You feel sick. The worker ant bites you.
* * * LOW HITPOINT WARNING * * *
You are more poisoned.
The worker ant poisons you! The worker ant bites you.
* * * LOW HITPOINT WARNING * * *
You hit the worker ant but do no damage.
The worker ant is almost dead.
* * * LOW HITPOINT WARNING * * *
You feel sick. The worker ant misses you.
It was a potion of degeneration.
There was something very wrong with that liquid.
You feel weakened.
You feel dopey.
You feel clumsy.
You die...

####### #รท# #.....#
#.#
##.###.#############.#
#.....................
#..#.#.###########.#.#
#..#.#.# #.....#.#.#
###...[#.# #.......#.#
#.#.####.# #####...#.#
#...((a@.# ###.#.#
#.#.###### #.#.# #.#(#
#.#.# # #(# ....# #>.
..#.# .(.. .#.# ....#
#.# .....# ..#..#.#
.((..# #.#..#.#


You could see a worker ant.

Vanquished Creatures
  A howler monkey (D:4)
  A hound (D:4)
  2 orc wizards
  A worker ant (D:4)
  4 adders
  2 adder skeletons (D:4)
  An adder zombie (D:4)
  3 worms
  3 dart slugs
  5 leopard geckos
  2 orcs
  3 bats
  7 giant cockroaches
  4 goblins
  7 hobgoblins
  6 jackals
  A kobold (D:1)
  5 quokkas
  3 ball pythons
  4 frilled lizards
  8 rats
  A plant (D:2)
74 creatures vanquished.

Notes
Turn   | Place    | Note
-------+----------+-------------------------------------------
     0 | D:1      | Ge0ff the Kobold Gladiator began the quest for the Orb.
     0 | D:1      | Reached XP level 1. HP: 12/12 MP: 1/1
   249 | D:1      | Reached XP level 2. HP: 13/18 MP: 2/2
  1145 | D:2      | Reached XP level 3. HP: 14/22 MP: 3/3
  1633 | D:2      | Reached XP level 4. HP: 15/27 MP: 4/4
  1646 | D:2      | Reached skill level 1 in Slings
  1954 | D:2      | Found a snail-covered altar of Cheibriados.
  3376 | D:3      | Reached XP level 5. HP: 32/32 MP: 5/5
  3415 | D:3      | Found a runed translucent gate.
  3415 | D:3      | Found a runed translucent gate.
  3415 | D:3      | Found a runed translucent gate.
  3470 | D:3      | Found a deep blue altar of Sif Muna.
  3617 | D:3      | Noticed Tinylith's ghost (amateur MiHu)
  3974 | D:3      | Reached skill level 5 in Short Blades
  3974 | D:3      | Reached skill level 1 in Armour
  4694 | D:4      | Reached XP level 6. HP: 37/37 MP: 6/6
  4921 | D:4      | HP: 1/38 [poisoned by a worker ant]
  4922 | D:4      | Succumbed to a worker ant's poison

Skill      XL: |  1  2  3  4  5  6 |
---------------+-------------------+-----
Dodging        | 4 |  4.0
Slings         | 1 2 3 |  3.6
Fighting       | 3 4 |  4.0
Short Blades   | 5 |  5.0
Armour         | 1 |  1.1
Throwing       | |  2.8

Action                   |  1- 3 |  4- 6 || total
-------------------------+-------+-------++-------
Melee: Rapier            |    76 |   203 ||   279
 Fire: Hunting sling     |       |    57 ||    57
Throw: Stone             |     4 |    78 ||    82
       Throwing net      |       |     5 ||     5
  Use: Potion            |     1 |     2 ||     3
       Scroll            |       |     4 ||     4
 Stab: Sleeping          |     2 |     2 ||     4
       Held in net/web   |       |     1 ||     1
  Eat: Chunk             |    11 |    10 ||    21
Armor: Leather armour    |    10 |    16 ||    26
       Scale mail        |       |    21 ||    21
Dodge: Dodged            |    49 |   120 ||   169

Levels and vault maps discovered:
D:1:      minmay_arrival_stair_chambers, layout_basic
D:2:      layout_basic, serial_forest, infiniplex_forest_split,
          infiniplex_forest_clump_C, infiniplex_forest_zigzag_2,
          infiniplex_forest_straight_4, infiniplex_forest_clump_diagonal,
          infiniplex_forest_clump_small, infiniplex_forest_lined_corner,
          infiniplex_forest_clump_long, cheibriados_altar_1
D:3:      layout_basic, old_standard_altar, gammafunk_ghost_necromancy,
          first_ration
D:4:      layout_basic
